 Dungeon Crawl Stone Soup version 0.24.1-14-gf8d2b509d9 (webtiles) character file.

Game seed: 15142765801525377490, levelgen mode: deterministic

603 Peloso the Cutter (level 7, -4/47 HPs)
             Began as a Halfling Fighter on May 25, 2020.
             Was a Follower of Okawaru.
             Killed by nerve-wracking pain
             ... invoked by a shadow imp
              (7 damage)
             ... on level 5 of the Dungeon.
             The game lasted 00:07:24 (3969 turns).

Peloso the Cutter (Halfling Fighter)                Turns: 3969, Time: 00:07:24

Health: -4/47      AC:  1    Str: 21    XL:     7   Next: 70%
Magic:  7/7        EV:  8    Int: 10    God:    Okawaru [*.....]
Gold:   168        SH: 15    Dex: 14    Spells: 6/6 levels left

rFire    . . .     SeeInvis .   a - +0 rapier
rCold    . . .     Gourm    .   c - +0 shield
rNeg     . . .     Faith    .   g - +0 chain mail
rPois    .         Spirit   .   (no helmet)
rElec    .         Reflect  .   (no cloak)
rCorr    .         Harm     .   (no gloves)
MR       .....                  (no boots)
Stlth    ..........             h - amulet of rage
HPRegen  0.15/turn              o - +4 ring of intelligence (curse)
MPRegen  0.10/turn              (no ring)

@: corroded
A: small, large bone plates 1, mutation resistance 1, strong 1
a: Heroism, Renounce Religion, Evoke Berserk Rage


You were on level 5 of the Dungeon.
You worshipped Okawaru.
Okawaru was aware of your devotion.
You were not hungry.

You visited 2 branches of the dungeon, and saw 6 of its levels.

You collected 168 gold pieces.

Inventory:

Hand Weapons
 a - a +0 rapier (weapon)
Armour
 b - a +0 scale mail
 c - a +0 shield (worn)
 g - a +0 chain mail (worn)
Jewellery
 h - an amulet of rage (around neck)
 o - a cursed +4 ring of intelligence (left hand)
Wands
 p - a wand of polymorph (2)
Scrolls
 e - 2 scrolls of amnesia {unknown}
 i - 3 scrolls of magic mapping {unknown}
 j - 2 scrolls of remove curse {unknown}
 k - a scroll of immolation {unknown}
 m - 5 scrolls of identify {unknown}
 n - a scroll of enchant armour {unknown}
 r - a scroll of fear {unknown}
Potions
 d - a potion of might
 l - 2 potions of curing
 s - a potion of berserk rage {unknown}
Comestibles
 f - 11 rations
 q - a chunk of flesh


   Skills:
 + Level 3.7 Fighting
 + Level 6.1 Short Blades
 + Level 4.8 Armour
 + Level 1.7 Dodging
 + Level 5.3 Shields


You had 6 spell levels left.
You didn't know any spells.
Your spell library contained the following spells:

 Spells                   Type           Power        Failure   Level  Hunger
 Magic Dart               Conj           #...         100%        1    ##.....
 Searing Ray              Conj           #.....       100%        2    ###....
 Dazzling Spray           Conj/Hex       #.....       100%        3    ####...
 Force Lance              Conj/Tloc      #.......     100%        4    #####..
 Fulminant Prism          Conj/Hex       #.........   100%        4    #####..
 Iskenderun's Mystic Bla  Conj           #.......     100%        4    #####..


Dungeon Overview and Level Annotations

Branches:
Dungeon (5/15)             Temple (1/1) D:4

Altars:
Ashenzari
Cheibriados
Dithmenos
Elyvilon
Fedhas
Gozag
Kikubaaqudgha
Makhleb
Nemelex Xobeh
Okawaru
Qazlal
Ru
Sif Muna
Trog
Uskayaw
Vehumet
Wu Jian
Yredelemnul
Zin
The Shining One

Shops:
D:4 %

Annotations:
D:5 2 transporters


Innate Abilities, Weirdness & Mutations

You are small and have problems with some larger weapons.
You are somewhat resistant to further mutation.
You are partially covered in large bone plates. (SH +4)
Your muscles are strong. (Str +2)


Message History

* * * LOW HITPOINT WARNING * * *
You hit the shadow imp but do no damage.
The shadow imp is lightly wounded.
The shadow imp hits you.
* * * LOW HITPOINT WARNING * * *
You hit the shadow imp.
The shadow imp is severely wounded.
The shadow imp gestures at you. Pain shoots through your body!
* * * LOW HITPOINT WARNING * * *
You hit the shadow imp but do no damage.
The shadow imp is severely wounded.
The shadow imp hits you.
* * * LOW HITPOINT WARNING * * *
You hit the shadow imp but do no damage.
The shadow imp is severely wounded.
The shadow imp grins evilly.
The shadow imp gestures at you. Pain shoots through your body!
You die...

# ≈≈.
##.####.#
≈≈ #.# ≈
#.# #.#
#####.#
#..)..#
#.##### #.#
#@# #5# #
##o#.###.#
#ho.......
#.....###.#
........#
...##.....#
.# .#.....
..##.####


You could see a hound, a shadow imp and 2 orcs.

Vanquished Creatures
  A sky beast (D:4)
  An ogre (D:4)
  A centaur (D:3)
  2 crimson imps
  A jelly (D:5)
  A hound (D:4)
  3 orc wizards (D:4)
  2 adders (D:3)
  A shadow imp (D:5)
  3 oozes
  An adder zombie (D:5)
  An adder skeleton (D:4)
  4 worms
  A dart slug (D:5)
  2 leopard geckos
  12 orcs
  3 ball pythons (D:3)
  3 bats (D:3)
  10 giant cockroaches
  10 goblins
  4 hobgoblins
  A quokka (D:4)
  6 frilled lizards
  5 kobolds
  A leopard gecko skeleton (D:4)
  2 rats
82 creatures vanquished.

Notes
Turn   | Place    | Note
-------+----------+-------------------------------------------
     0 | D:1      | Peloso the Halfling Fighter began the quest for the Orb.
     0 | D:1      | Reached XP level 1. HP: 15/15 MP: 1/1
   193 | D:1      | Reached XP level 2. HP: 21/21 MP: 2/2
   976 | D:2      | Reached XP level 3. HP: 26/26 MP: 3/3
  1185 | D:2      | Found a shadowy altar of Dithmenos.
  1394 | D:2      | Gained mutation: You are partially covered in large bone
                  | plates. (SH +4) [potion of mutation]
  1394 | D:2      | Gained mutation: Your muscles are strong. (Str +2) [potion
                  | of mutation]
  1541 | D:3      | Reached XP level 4. HP: 31/31 MP: 4/4
  1553 | D:3      | Reached skill level 3 in Short Blades
  1574 | D:3      | Found an opulent altar of Gozag.
  1705 | D:3      | Reached XP level 5. HP: 17/36 MP: 5/5
  1913 | D:3      | Noticed a centaur
  1925 | D:3      | Killed a centaur
  1925 | D:3      | Reached skill level 4 in Short Blades
  1925 | D:3      | Reached skill level 1 in Dodging
  1925 | D:3      | Reached XP level 6. HP: 17/42 MP: 6/6
  2431 | D:3      | Found an ancient bone altar of Kikubaaqudgha.
  2431 | D:3      | Found a hide-covered altar of Uskayaw.
  2821 | D:4      | Found a staircase to the Ecumenical Temple.
  2834 | Temple   | Entered the Ecumenical Temple
  2936 | Temple   | Became a worshipper of Warmaster Okawaru
  3228 | D:4      | Found Detiot's Food Shoppe.
  3251 | D:4      | Found a white marble altar of Elyvilon.
  3385 | D:4      | Noticed an ogre
  3402 | D:4      | Killed an ogre
  3402 | D:4      | Reached * piety under Okawaru
  3402 | D:4      | Reached skill level 5 in Short Blades
  3402 | D:4      | Reached XP level 7. HP: 9/47 MP: 7/7
  3641 | D:5      | Entered Level 5 of the Dungeon
  3767 | D:4      | Reached skill level 6 in Short Blades
  3773 | D:4      | Reached skill level 5 in Shields
  3903 | D:5      | Found a transporter.
  3904 | D:5      | Found a transporter.
  3969 | D:5      | Killed from afar by a shadow imp

Levels and vault maps discovered:
D:1:      minmay_arrival_widening_spiral_wide, layout_loops_corners,
          minmay_worlds_worst_comb
D:2:      layout_rooms, nicolae_overflow_crystal_walls, first_ration
D:3:      corexii_shack_village, layout_basic, amethyst_overflow_temple_binary,
          nicolae_gozag_seed_capital
D:4:      layout_cave_pods, elyvilon_altar_4, minmay_temple_entry_arrows,
          serial_shops, shop, st_stairs_14
D:5:      layout_loops_ring, overflow_temple_1_default,
          gammafunk_ghost_gnarly_gnolls, hangedman_decor_peaks_small,
          nicolae_tso_swordbearing_angel
Temple:   regret_index_temple_sphere_string

Skill      XL: |  1  2  3  4  5  6  7 |
---------------+----------------------+-----
Fighting       | 3 |  3.7
Armour         | 4 |  4.8
Short Blades   | 3 4 5 6 |  6.1
Shields        | 4 5 |  5.3
Dodging        | 1 |  1.7

Action                   |  1- 3 |  4- 6 |  7- 9 || total
-------------------------+-------+-------+-------++-------
Melee: Rapier            |   131 |   166 |    77 ||   374
  Use: Potion            |     1 |     5 |       ||     6
  Eat: Chunk             |     1 |     7 |     2 ||    10
Armor: Scale mail        |    12 |       |       ||    12
       Chain mail        |    38 |    74 |    27 ||   139
Dodge: Dodged            |    34 |    44 |    12 ||    90
Block: Shield            |    57 |   130 |    57 ||   244
